 Dungeon Crawl Stone Soup version 0.30.1-3-gfc49f6343a (webtiles) character file.

Game seed: 3915021995286577139

77 Zeor the Slasher (level 4, -1/40 HPs)
             Began as a Minotaur Monk on July 28, 2023.
             Slain by a gnoll
             ... wielding a +0 spear
              (5 damage)
             ... on level 3 of the Dungeon.
             The game lasted 00:04:52 (989 turns).

Zeor the Slasher (Minotaur Monk)                     Turns: 989, Time: 00:04:53

Health: -1/40      AC:  5    Str: 13 (16) XL:     4   Next: 13%
Magic:  3/3        EV: 11    Int:  4 (7)  God:
Gold:   84         SH:  0    Dex: 13 (14) Spells: 3/3 levels left

rFire   . . .        a - +0 falchion
rCold   . . .        d - orb {light}
rNeg    . . .        g - +0 ring mail
rPois   .            (helmet restricted)
rElec   .            (no cloak)
rCorr   +            (no gloves)
SInv    .            (no boots)
Will    .....        (no amulet)
Stlth   +            b - ring of resist corrosion
HPRegen 0.26/turn    (no ring)
MPRegen 0.08/turn

%: no passive effects
@: glowing
A: horns 2, retaliatory headbutt
a: no special abilities


You were on level 3 of the Dungeon.
You visited 1 branch of the dungeon, and saw 4 of its levels.

You collected 84 gold pieces.

Inventory:

Hand Weapons
 a - a +0 falchion (weapon)
Missiles
 j - 3 javelins (quivered)
 l - 4 poisoned darts
Armour
 d - an orb of light (worn)
 g - a +0 ring mail (worn)
Jewellery
 b - a ring of resist corrosion (left hand)
 f - a ring of flight
Scrolls
 i - a scroll of noise
Potions
 c - a potion of ambrosia
 h - a potion of curing {unknown}
 k - a potion of invisibility {unknown}


   Skills:
 + Level 3.8 Fighting
 * Level 5.6 Long Blades
 + Level 3.7 Dodging


You had 3 spell levels left.
You didn't know any spells.
Your spell library contained the following spells:

 Spells                   Type           Power      Damage    Failure   Level
 Petrify                  Tmut/Erth      0%         N/A       100%        4
 Metabolic Englaciation   Hex/Ice        0%         N/A       100%        5
 Statue Form              Tmut/Erth      0%         N/A       100%        6


Dungeon Overview and Level Annotations

Branches:
Dungeon (4/15)
 Temple: D:4-7

Altars:

Annotations:
D:4 Grinder


Innate Abilities, Weirdness & Mutations

You have a pair of horns on your head.
You reflexively headbutt those who attack you in melee.


Message History

e - a sedimented dark potion You see here 3 javelins.
You see here 3 javelins.
j - 3 javelins Grinder comes into view.
She is carrying a wand of roots (6).
Found a scroll labelled CAITUCSYIL.
Grinder gestures at you. You resist with significant effort.
There is a stone staircase leading up here.
You climb upwards.
There is a stone staircase leading down here.
A gnoll comes into view. It is wielding a +0 halberd.
The gnoll shouts!
A gnoll comes into view. It is wielding a +0 spear.
Found 8 gold pieces.
Found a smoky inky potion.
Found 4 poisoned darts.
You now have 84 gold pieces (gained 8).
You see here a smoky inky potion.
k - a smoky inky potion You see here 4 poisoned darts.
l - 4 poisoned darts The gnoll hits you with a +0 halberd!
You slash the gnoll!
The gnoll is heavily wounded.
The gnoll hits you with a +0 halberd!
* * * LOW HITPOINT WARNING * * *
You slash the gnoll!
You kill the gnoll!
The gnoll hits you from afar with a +0 spear.
* * * LOW HITPOINT WARNING * * *
You have reached level 4!
You feel stronger.
It was a potion of degeneration.
There was something very wrong with that liquid.
You feel weakened.
You feel dopey.
You feel clumsy. The gnoll hits you but does no damage.
Okay, then.
The gnoll hits you with a +0 spear.
You die...

▒▒▒▒▒▒ ▒∙∙∙∙▒
▒▒▒▒▒▒▒▒▒∙∙∙∙▒ ▒▒▒▒▒▒
▒∙∙∙∙∙∙gH∙∙∙∙▒
∙∙∙∙∙▒▒▒▒∙∙∙∙∙∙∙∙∙▒▒▒▒
∙∙∙∙∙∙∙▒▒∙∙∙∙∙∙∙∙∙▒
>∙∙∙∙∙∙∙∙∙∙∙∙∙∙∙∙∙▒
∙∙∙∙∙∙∙∙▒▒▒▒∙∙∙∙▒▒▒


∙∙∙∙∙∙∙∙∙∙∙∙∙∙∙∙∙∙ ▒∙∙∙∙∙∙∙▒▒▒▒▒▒▒▒▒▒∙ ▒∙∙∙∙∙∙∙▒ ∙ ▒∙∙∙∙∙∙∙▒ You could see a
gnoll.

Vanquished Creatures
  2 gnolls
  2 adders (D:2)
  3 dart slugs
  2 endoplasms
  2 giant cockroaches
  2 goblins
  2 hobgoblins
  5 kobolds
  3 quokkas
  A ball python (D:1)
  4 bats (D:1)
  2 frilled lizards (D:1)
  4 rats (D:1)
34 creatures vanquished.

Notes
Turn   | Place    | Note
-------+----------+-------------------------------------------
     0 | D:1      | Zeor the Minotaur Monk began the quest for the Orb.
     0 | D:1      | Reached XP level 1. HP: 19/19 MP: 0/0
   144 | D:1      | Reached skill level 4 in Long Blades
   234 | D:1      | Reached XP level 2. HP: 27/27 MP: 1/1
   387 | D:1      | Reached XP level 3. HP: 33/33 MP: 2/2
   627 | D:1      | Reached skill level 5 in Long Blades
   904 | D:2      | You fall into a shaft and drop 2 floors!
   934 | D:4      | Noticed Grinder
   988 | D:3      | Reached XP level 4. HP: 4/40 MP: 3/3
   989 | D:3      | Slain by a gnoll

Illustrated notes

Levels and vault maps discovered:
D:1:      minmay_arrival_plants_in_alcoves, layout_basic
D:2:      layout_basic, uniq_natasha, uniq_robin
D:3:      layout_basic, lemuel_doored_altar, mainiacjoe_overflow_alcove_1,
          ebering_ecumenical_altar_abandoned, chequers_jeans
D:4:      layout_basic, nicolae_overflow_hidden_temple, uniq_eustachio,
          uniq_grinder, uniq_ijyb, uniq_crazy_yiuf_cottage

Skill      XL: |  1  2  3 |
---------------+----------+-----
Long Blades    | 4 5 |  5.6
Fighting       | |  3.8
Dodging        | |  3.7

Action                     |  1- 3 |  4- 6 || total
---------------------------+-------+-------++-------
  Melee: Falchion          |    69 |       ||    69
         Headbutt          |    10 |       ||    10
    Use: Scroll            |     2 |       ||     2
         Potion            |       |     1 ||     1
 Armour: Robe              |     6 |       ||     6
         Ring mail         |    18 |     1 ||    19
  Dodge: Dodged            |    32 |       ||    32
